 Dungeon Crawl Stone Soup version 0.23-a0-402-g64599a1 (webtiles) character file.

3317 EvilAliv3 the Magician (level 10, 26/90 HPs)
             Began as a Gargoyle Conjurer on Nov 3, 2018.
             Was a Believer of Vehumet.
             Quit the game on level 8 of the Dungeon.
             The game lasted 01:15:22 (8609 turns).

EvilAliv3 the Magician (Gargoyle Conjurer)          Turns: 8609, Time: 01:15:22

Health: 26/90      AC: 28    Str: 12    XL:     10   Next: 1%
Magic:  19/21      EV:  2    Int: 19    God:    Vehumet [**....]
Gold:   352        SH:  0    Dex: 10    Spells: 21/24 levels left

rFire    . . .     SeeInvis .   C - +1 dagger (venom)
rCold    + . .     Gourm    .   (no shield)
rNeg     + + +     Faith    .   (armour currently unavailable)
rPois    ∞         Spirit   .   (helmet currently unavailable)
rElec    .         Reflect  .   (cloak currently unavailable)
rCorr    .         Harm     .   (gloves currently unavailable)
MR       .....     NoTele   +   (boots currently unavailable)
Stlth    +.........             (no amulet)
HPRegen  0.25/turn              h - +3 ring of protection
MPRegen  0.17/turn              w - ring of protection from cold

@: confused, tree-form (expiring)
A: negative energy resistance 1, petrification resistance, rot immunity, AC +7
a: Renounce Religion


You were on level 8 of the Dungeon.
You worshipped Vehumet.
Vehumet was pleased with you.
You were hungry.
You were a tree.
You visited 2 branches of the dungeon, and saw 10 of its levels.
You also visited: Sewer.

You collected 436 gold pieces.
You spent 84 gold pieces at shops.

Inventory:

Hand Weapons
 C - a +1 dagger of venom (weapon)
Armour
 d - a +1 pair of boots (melded)
 o - a +0 cloak (melded)
 s - a +0 chain mail
 F - a +0 shield
 I - a +0 plate armour
 J - a +0 scale mail (melded)
Jewellery
 h - a +3 ring of protection (left branch)
 w - a ring of protection from cold (right branch)
 D - an uncursed ring of resist corrosion
Wands
 b - a wand of digging (19)
 x - a wand of paralysis (13)
Scrolls
 j - a scroll of enchant weapon
 n - 3 scrolls of remove curse
 p - 2 scrolls of enchant armour
 u - 3 scrolls of amnesia
 y - 2 scrolls of teleportation
 z - 3 scrolls of fear
 H - a scroll of immolation
Potions
 a - 2 potions of magic
 e - 3 potions of flight
 f - 2 potions of lignification
 g - 2 potions of mutation {unknown}
 k - a potion of resistance {unknown}
 l - a potion of invisibility {unknown}
 q - 2 potions of heal wounds
 t - 3 potions of degeneration {unknown}
 A - 2 potions of agility {unknown}
Comestibles
 c - 17 rations


   Skills:
 + Level 6.2 Fighting
 + Level 5.1 Dodging
 - Level 2.2 Stealth
 + Level 4.2 Shields
 * Level 7.9 Spellcasting
 + Level 7.8 Conjurations


You had 21 spell levels left.
You knew the following spells:

 Your Spells              Type           Power        Failure   Level  Hunger
a - Magic Dart            Conj           ####         1%          1    None
b - Searing Ray           Conj           #####.       1%          2    None

Your spell library contained the following spells:

 Spells                   Type           Power        Failure   Level  Hunger
 Sandblast                Erth           #.....       10%         1    None
 Iskenderun's Mystic Bla  Conj           #####...     3%          4    ###....
 Dazzling Spray           Conj/Hex       ###...       5%          3    None
 Force Lance              Conj/Tloc      ###.....     19%         4    ###....
 Fulminant Prism          Conj/Hex       ###.......   19%         4    ###....


Dungeon Overview and Level Annotations

Branches:
Dungeon (9/15)             Temple (1/1) D:4
   Lair: D:8-11         Orc: D:9-12

Altars:
Ashenzari
Cheibriados
Dithmenos
Elyvilon
Fedhas
Gozag
Hepliaklqana
Kikubaaqudgha
Makhleb
Nemelex Xobeh
Okawaru
Qazlal
Ru
Sif Muna
Trog
Uskayaw
Vehumet
Wu Jian
Xom
Yredelemnul
Zin
The Shining One

Shops:
D:6 ?

Annotations:
D:8 Harold


Innate Abilities, Weirdness & Mutations

You are resistant to torment.
((Your stone body is resilient. (AC +7)))
You are immune to poison.
You resist negative energy. (rN+)
((You are resistant to electric shocks. (rElec)))
((You can survive without breathing.))
You are immune to petrification.
You are immune to rotting.


Message History

Something bites you but does no damage.
You barely miss something. Something hits you but does no damage.
Something bites you but does no damage.
You swing at nothing.
You feel less confused. Something hits you.
* * * LOW HITPOINT WARNING * * *
Something bites you but does no damage.
You hit something. Something hits you but does no damage.
Something bites you but does no damage.
You hit something but do no damage. Something hits you.
* * * LOW HITPOINT WARNING * * *
Something bites you but does no damage.
You hit something but do no damage.
You hear some strange, mumbled words.
You are confused.
You miss something.
Your transformation is almost over.
Something hits you but does no damage. Something bites you but does no damage.
Are you sure you want to abandon this character and quit the game? (Confirm

#.....# #...# #.......#...
#.....### #.#.# #.#####.#.##
........# #.#.# #.#####.#.#.
#.....#.# #.#.# #..<..#.#.#.
#.....#.# #.#.# #####.#.#.#.
.##'#.#.# #.#.# #.#.#.#.
.+).#...#### #.#.# #.#.#...
.####.####.# #{#.# #.#.###.
...........# #♣#.# #.#...÷.
#####<...#.#####.#.# ###u#####.
#......#.#.#....>..# #...#####.
#.####.#.#.#.......#####.#....##.
#.# #.#.#.#.............#....##.
#.####.#.#.#####.#########.##.##.
#.#.)@.#.#.##......# #.##....
#.#>####.#.##......# #.######
#........#.##......# #.#


There were no monsters in sight!

Vanquished Creatures
  An ugly thing (D:8)
  Grinder (D:3)
  A hippogriff (D:8)
  2 ice beasts (D:8)
  A phantom (D:8)
  An orc warrior (D:8)
  A black bear (D:8)
  A necrophage (D:7)
  2 centaurs
  2 ogres
  A crocodile (D:7)
  A big kobold (Sewer)
  3 bullfrogs (D:7)
  A scorpion (D:7)
  A howler monkey (D:5)
  4 crimson imps
  A bullfrog zombie (D:7)
  A quasit (D:8)
  4 orc priests
  A centaur zombie (D:7)
  3 jellies
  A bullfrog skeleton (D:6)
  3 hounds
  8 orc wizards
  Jessica (D:2)
  7 worker ants
  9 adders
  A shadow imp (D:7)
  3 oozes
  4 worms
  3 dart slugs
  6 leopard geckos
  13 orcs
  4 ball pythons
  15 giant cockroaches
  12 goblins
  11 hobgoblins
  16 jackals
  4 quokkas
  3 bats
  3 frilled lizards
  6 kobolds
  13 rats
180 creatures vanquished.

Vanquished Creatures (others)
  3 orc wizards (D:8)
  A fungus (D:9)
  A plant (D:9)
  3 toadstools (D:6)
8 creatures vanquished.

Grand Total: 188 creatures vanquished

Notes
Turn   | Place    | Note
-------+----------+-------------------------------------------
     0 | D:1      | EvilAliv3 the Gargoyle Conjurer began the quest for the
                  | Orb.
     0 | D:1      | Reached XP level 1. HP: 10/10 MP: 3/3
   246 | D:1      | Reached XP level 2. HP: 10/16 MP: 0/5
   649 | D:1      | Reached XP level 3. HP: 20/20 MP: 1/6
   673 | D:1      | Reached skill level 1 in Fighting
  1136 | D:2      | Noticed Jessica
  1159 | D:2      | Killed Jessica
  1159 | D:2      | Reached XP level 4. HP: 22/25 MP: 0/8
  1223 | D:2      | Found a glowing silver altar of Zin.
  1653 | D:2      | Reached XP level 5. HP: 26/30 MP: 5/9
  1690 | D:2      | Reached skill level 5 in Conjurations
  2131 | D:3      | Found a glowing drain.
  2172 | Sewer    | Entered a sewer
  2221 | Sewer    | Noticed a big kobold
  2237 | Sewer    | Killed a big kobold
  2237 | Sewer    | Reached XP level 6. HP: 29/36 MP: 0/11
  2290 | Sewer    | Learned a level 2 spell: Searing Ray
  2337 | Sewer    | Found a glowing silver altar of Zin.
  2591 | D:3      | Noticed Grinder
  2600 | D:3      | Paralysed by Grinder for 2 turns
  2605 | D:3      | Killed Grinder
  2605 | D:3      | Reached XP level 7. HP: 22/41 MP: 0/13
  3447 | D:4      | Found a staircase to the Ecumenical Temple.
  3785 | Temple   | Entered the Ecumenical Temple
  4026 | Temple   | Became a worshipper of Vehumet
  4091 | D:5      | Entered Level 5 of the Dungeon
  4552 | D:5      | Reached skill level 5 in Spellcasting
  4970 | D:5      | Reached XP level 8. HP: 26/48 MP: 13/16
  5584 | D:6      | Found Lazesi's Magic Scroll Shoppe.
  5592 | D:6      | Bought a scroll of fear for 45 gold pieces
  5592 | D:6      | Bought a scroll of teleportation for 39 gold pieces
  5781 | D:6      | Found an opulent altar of Gozag.
  5783 | D:6      | Found a shadowy altar of Dithmenos.
  6017 | D:7      | Reached * piety under Vehumet
  6017 | D:7      | Offered knowledge of Flame Tongue by Vehumet.
  6026 | D:7      | Reached skill level 1 in Shields
  6651 | D:7      | Reached skill level 5 in Fighting
  6847 | D:7      | Reached XP level 9. HP: 44/54 MP: 13/18
  7270 | D:8      | Found a deep blue altar of Sif Muna.
  7478 | D:8      | Noticed a brown ugly thing
  7941 | D:8      | Noticed Harold
  8125 | D:9      | Reached ** piety under Vehumet
  8125 | D:9      | Offered knowledge of Sandblast by Vehumet.
  8183 | D:8      | Killed a brown ugly thing
  8183 | D:8      | Reached skill level 5 in Dodging
  8530 | D:8      | Reached XP level 10. HP: 16/60 MP: 8/21
  8609 | D:8      | Quit the game

Vault maps used:
D:1:      dpeg_arrival_fog, minmay_unequal
D:2:      marbit_many_paths, uniq_jessica
D:3:      gup_sewer_entry_bubbles, minmay_misc_feat_more_columns, uniq_grinder
D:4:      temple_pool_b, first_ration
D:5:      dk_noncrumbling_4
D:6:      nicolae_overflow_hidden_temple, serial_shops,
          nicolae_shop_competitors_out_of_business, minmay_gold_behind_fungi,
          serial_bayou_pond_d
D:7:      kennysheep_six_static_rooms
D:8:      kennysheep_orc_sif_temple, uniq_harold
D:9:      lemuel_blue_sif_altar, david_lair_generic, enter_bailey_2
Temple:   dpeg_five_rooms_temple
Sewer:    sewer_kobolds

Skill      XL: |  1  2  3  4  5  6  7  8  9 |
---------------+----------------------------+-----
Fighting       | 1 2 3 5 6 |  6.2
Dodging        | 2 3 4 5 |  5.1
Spellcasting   | 3 4 5 6 7 |  7.9
Conjurations   | 5 6 7 |  7.8
Shields        | 2 4 |  4.2
Stealth        | |  2.2

Action                   |  1- 3 |  4- 6 |  7- 9 | 10-12 || total
-------------------------+-------+-------+-------+-------++-------
Melee: Unarmed           |     9 |       |       |       ||     9
       Dagger            |    18 |       |   162 |    43 ||   223
       Short sword       |    23 |       |       |       ||    23
       Whip              |     9 |   107 |    96 |       ||   212
Throw: Throwing net      |       |       |     1 |       ||     1
 Cast: Magic Dart        |    70 |    99 |   227 |       ||   396
       Searing Ray       |       |     4 |    46 |       ||    50
  Use: Scroll            |       |     4 |    14 |       ||    18
       Potion            |       |       |     2 |     6 ||     8
 Stab: Sleeping          |       |     1 |       |       ||     1
  Eat: Chunk             |     1 |     5 |    19 |       ||    25
Armor: Robe              |    16 |    41 |     8 |       ||    65
       Ring mail         |       |       |    96 |       ||    96
       Scale mail        |       |       |   146 |     7 ||   153
       Skin              |       |       |       |    64 ||    64
Dodge: Dodged            |    44 |    96 |   234 |     1 ||   375

Table legend:
 A = Non-vault XP
 B = Vault XP
 C = Vault XP percentage of total XP
 D = Non-vault monster count
 E = Vault monster count
 F = Vault count percentage of total count
                 A         B        C        D         E       F
            +---------+---------+-------+---------+---------+-------
      Total |    3772 |     967 |  20.4 |     150 |      33 |  18.0
            +---------+---------+-------+---------+---------+-------
        D:1 |      59 |       5 |   7.8 |      27 |       3 |  10.0
        D:2 |      77 |      39 |  33.6 |      31 |       2 |   6.1
        D:3 |      45 |     298 |  86.9 |      12 |       9 |  42.9
        D:4 |      64 |       0 |   0.0 |      11 |       0 |   0.0
        D:5 |     655 |       0 |   0.0 |      23 |       0 |   0.0
        D:6 |     135 |       0 |   0.0 |       7 |       0 |   0.0
        D:7 |     673 |     262 |  28.0 |      13 |       4 |  23.5
        D:8 |    1856 |     255 |  12.1 |      19 |       5 |  20.8
        D:9 |     208 |       0 |   0.0 |       7 |       0 |   0.0
      Sewer |       0 |     108 | 100.0 |       0 |      10 | 100.0
            +---------+---------+-------+---------+---------+-------
